 Dungeon Crawl Stone Soup version 0.21-a0-525-ga34b322 (webtiles) character file.

718 Gwyneth the Cutter (level 8, -7/54 HPs)
             Began as a Halfling Fighter on Dec 7, 2017.
             Mangled by an ogre
             ... wielding a +0 giant club
              (15 damage)
             ... on level 4 of the Dungeon.
             The game lasted 00:48:53 (4569 turns).

Gwyneth the Cutter (Halfling Fighter)               Turns: 4569, Time: 00:48:54

Health: -7/54      AC:  9    Str: 18    XL:     8   Next: 1%
Magic:  8/8        EV:  7    Int:  6    God:
Gold:   201        SH:  0    Dex: 15    Spells: 7/7 levels left

rFire    . . .     SeeInvis .   a - +1 rapier
rCold    . . .     Gourm    .   c - +0 shield
rNeg     . . .     Faith    .   q - +0 chain mail
rPois    .         Spirit   .   (no helmet)
rElec    .         Reflect  .   (no cloak)
rCorr    .         Harm     .   (no gloves)
MR       .....                  (no boots)
Stlth    ..........             (no amulet)
HPRegen  0.18/turn              (no ring)
MPRegen  0.11/turn              (no ring)

@: confused, hasted, very quick
A: small, mutation resistance 1
a: no special abilities


You were on level 4 of the Dungeon.
You were hungry.

You visited 1 branch of the dungeon, and saw 4 of its levels.

You collected 201 gold pieces.

Inventory:

Hand Weapons
 a - a +1 rapier (weapon)
 h - a +0 whip
 k - a +0 short sword
 p - a +0 hand axe
 u - a +0 flail
Armour
 b - a +0 scale mail
 c - a +0 shield (worn)
 q - a +0 chain mail (worn)
Wands
 e - a wand of flame (14)
Scrolls
 d - a scroll of remove curse
 o - 2 scrolls of identify
 v - a scroll of immolation {unknown}
Potions
 f - a potion of resistance
 j - 3 potions of mutation
 m - a potion of heal wounds {unknown}
 r - a potion of curing
 s - a potion of magic {unknown}
Comestibles
 g - 2 fruits
 t - 3 meat rations
 w - 2 royal jellies


   Skills:
 + Level 3.7 Fighting
 + Level 6.9 Short Blades
 + Level 5.0 Armour
 + Level 1.1 Dodging
 + Level 1.3 Stealth
 + Level 5.1 Shields


You had 7 spell levels left.
You didn't know any spells.

Dungeon Overview and Level Annotations

Branches:
Dungeon (4/15)             Temple (0/1) D:4

Altars:
Ashenzari
Cheibriados
Dithmenos
Fedhas
Okawaru


Innate Abilities, Weirdness & Mutations

You are small and have problems with some larger weapons.
You are somewhat resistant to further mutation.


Message History

The worker ant bites you but does no damage.
You hear some strange, mumbled words.
A magic dart appears from out of thin air!
The magic dart hits you!
You puncture the worker ant!
You kill the worker ant!
You have reached level 8!
The ogre hits you but does no damage. Something hits you but does no damage.
You see here a dart slug corpse.
A magic dart appears from out of thin air!
The magic dart hits you!
Items here: ! ) [[ † a scale mail; a dagger; a chain mail; a potion of curing; an orc corpse You closely miss the ogre.
The ogre hits you with a giant club!
* * * LOW HITPOINT WARNING * * *
Items here: ! ) [[ † a scale mail; a dagger; a chain mail; a potion of curing; an orc corpse You are confused.
The ogre hits you with a giant club!
You die...

#...#.#.##.###.###.#.#.#
........†...).......>#.#
#...#...##.#####.#.#....
#...#...##.# #.#.#.#.#
#......##.# #O#.#.#.#
##......##.# #.#.#.# #
.......[##.# #.#.#.# #
###.#..O##.## #.#.#.#.#
.......@#...# #.#.#.#.#
###.#...#...# #.#......
#.#...#...####...#.###
#.#...##...O[.........
#................#.###
........#########..#.#
........# #..#.#
####....# #..#.# ......#
#....#


You could see an ogre.

Vanquished Creatures
  The ghost of RexxRaptorr the Slasher, an amateur TeSk (D:3)
  Sigmund (D:2)
  A hound (D:4)
  2 orc priests
  An iguana (D:4)
  Natasha (thrice) (D:2)
  2 orc wizards
  A worker ant (D:4)
  An ooze (D:1)
  4 worms
  3 dart slugs
  4 leopard geckos
  18 orcs
  8 goblins
  2 hobgoblins (D:1)
  4 kobolds
  2 quokkas
  4 bats
  2 frilled lizards
  A giant cockroach zombie (D:3)
  5 rats
70 creatures vanquished.

Vanquished Creatures (others)
  An orc priest (D:4)
1 creature vanquished.

Grand Total: 71 creatures vanquished

Notes
Turn   | Place    | Note
-------+----------+-------------------------------------------
     0 | D:1      | Gwyneth the Halfling Fighter began the quest for the Orb.
     0 | D:1      | Reached XP level 1. HP: 15/15 MP: 1/1
   172 | D:1      | Reached XP level 2. HP: 20/20 MP: 2/2
   850 | D:1      | Reached XP level 3. HP: 24/25 MP: 3/3
  1772 | D:2      | Reached skill level 3 in Short Blades
  1931 | D:2      | Noticed Natasha
  1940 | D:2      | Killed Natasha
  1940 | D:2      | Reached XP level 4. HP: 9/31 MP: 4/4
  1963 | D:2      | Found a shadowy altar of Dithmenos.
  2259 | D:2      | Noticed Sigmund
  2272 | D:2      | Killed Sigmund
  2272 | D:2      | Reached skill level 5 in Short Blades
  2272 | D:2      | Reached XP level 5. HP: 26/36 MP: 5/5
  2272 | D:2      | Reached XP level 6. HP: 30/42 MP: 6/6
  2604 | D:2      | Noticed Natasha
  2657 | D:2      | Killed Natasha
  2879 | D:2      | Noticed Natasha
  2891 | D:2      | Killed Natasha
  3131 | D:3      | Noticed RexxRaptorr's ghost (amateur TeSk)
  3150 | D:3      | Killed RexxRaptorr's ghost
  3150 | D:3      | Reached skill level 6 in Short Blades
  3150 | D:3      | Reached XP level 7. HP: 37/46 MP: 7/7
  3410 | D:3      | Reached skill level 1 in Stealth
  3541 | D:3      | Found a shattered altar of Ashenzari.
  3541 | D:3      | Found a blossoming altar of Fedhas.
  3541 | D:3      | Found a snail-covered altar of Cheibriados.
  3906 | D:3      | Found an iron altar of Okawaru.
  4179 | D:4      | Found a staircase to the Ecumenical Temple.
  4304 | D:4      | Reached skill level 1 in Dodging
  4310 | D:4      | Reached skill level 5 in Shields
  4327 | D:4      | Noticed a hippogriff
  4499 | D:4      | Reached skill level 5 in Armour
  4553 | D:4      | Reached XP level 8. HP: 26/54 MP: 8/8
  4569 | D:4      | Mangled by an ogre

Vault maps used:
D:1:      minmay_arrival_stair_chambers
D:2:      first_bread, small_statue_intersection,
          nicolae_dithmenos_through_a_glass_darkly, uniq_sigmund,
          uniq_crazy_yiuf_cottage, uniq_natasha
D:3:      kennysheep_okawaru_gauntlet, gammafunk_temple_overflow_forgotten
D:4:      minmay_temple_entry_hall

Skill      XL: |  1  2  3  4  5  6  7 |
---------------+----------------------+-----
Fighting       | 3 |  3.7
Short Blades   | 3 5 6 |  6.9
Armour         | 4 5 |  5.0
Shields        | 4 5 |  5.1
Stealth        | 1 |  1.3
Dodging        | 1 |  1.1

Action                   |  1- 3 |  4- 6 |  7- 9 || total
-------------------------+-------+-------+-------++-------
Melee: Rapier            |    77 |    97 |   134 ||   308
  Use: Scroll            |     5 |     2 |     1 ||     8
       Potion            |     1 |       |     4 ||     5
  Eat: Chunk             |     2 |       |       ||     2
       Bread ration      |     1 |       |     1 ||     2
Armor: Scale mail        |     8 |       |       ||     8
       Chain mail        |    10 |    47 |    81 ||   138
Dodge: Dodged            |     6 |    19 |    45 ||    70
Block: Shield            |    37 |    54 |    92 ||   183

Table legend:
 A = Spawn XP
 B = Non-spawn XP
 C = Spawn XP percentage of total XP
 D = Spawn monster count
 E = Non-spawn monster count
 F = Spawn count percentage of total count
 G = Total turns spent on level
                    A         B        C        D         E        F      G
               +---------+---------+-------+---------+---------+-------+---------
         Total |       0 |    1026 |   0.0 |       0 |      71 |   0.0 |  4569
               +---------+---------+-------+---------+---------+-------+---------
           D:1 |       0 |      32 |   0.0 |       0 |      14 |   0.0 |  1534
           D:2 |       0 |     365 |   0.0 |       0 |      16 |   0.0 |  1483
           D:3 |       0 |     368 |   0.0 |       0 |      25 |   0.0 |  1144
           D:4 |       0 |     261 |   0.0 |       0 |      16 |   0.0 |   408
               +---------+---------+-------+---------+---------+-------+---------
